 Dungeon Crawl Stone Soup version 0.17.0-28-g6e173f8 (webtiles) character file.

55886 Avanven the Executioner (level 14, -10/129 HPs)
             Began as a Hill Orc Berserker on Nov 21, 2015.
             Was a High Priest of Trog.
             Killed from afar by a fire dragon (24 damage)
             ... with a blast of flame
             ... on level 1 of the Depths.
             The game lasted 00:40:43 (18806 turns).

Avanven the Executioner (Hill Orc Berserker)       Turns: 18806, Time: 00:40:43

Health: -10/129    AC: 26    Str: 25    XL:     14   Next: 79%
Magic:  4/4        EV: 10    Int:  7    God:    Trog [*****.]
Gold:   1183       SH:  0    Dex: 10    Spells: 0 memorised, 13 levels left

rFire  . . .     SeeInvis .     B - +3 battleaxe (antimagic)
rCold  . . .     Clarity  .     I - +8 scale mail of Curiosity {Slay+2}
rNeg   . . .     SustAt   +     (shield currently unavailable)
rPois  +         Gourm    .     J - +1 hat
rElec  .         Spirit   .     s - +1 cloak
rCorr  .         Warding  .     z - +2 pair of gloves
rMut   +         Stasis   .     K - +0 pair of boots
MR     +....                    l - amulet of resist mutation
Stlth  ..........               S - ring of sustain attributes
                                m - ring of poison resistance

@: exhausted, slowed, very slow, somewhat resistant to hostile enchantments,
extremely unstealthy
A: no striking features
a: Berserk, Trog's Hand, Brothers in Arms, Burn Spellbooks, Renounce Religion


You were on level 1 of the Depths.
You worshipped Trog.
Trog was extremely pleased with you.
You were very full.

You visited 3 branches of the dungeon, and saw 17 of its levels.

You collected 1183 gold pieces.

Inventory:

Hand Weapons
 B - a +3 antimagic battleaxe (weapon)
 Q - a +3 broad axe of venom
 U - a +1 executioner's axe of venom
Armour
 p - a +0 plate armour
 s - a +1 cloak (worn)
 z - a +2 pair of gloves (worn)
 I - the +8 scale mail of Curiosity (worn) {Slay+2}
   (You found it on level 9 of the Dungeon)

   It affects your accuracy and damage with ranged weapons and melee attacks
   (+2).
 J - a +1 hat (worn)
 K - a +0 pair of boots (worn)
Jewellery
 h - an uncursed amulet of rage
 l - an amulet of resist mutation (around neck)
 m - a ring of poison resistance (left hand)
 S - a ring of sustain attributes (right hand)
Wands
 j - a wand of hasting (1)
 w - a wand of teleportation (5)
 x - a wand of fire (10)
 y - a wand of teleportation (6)
 A - a wand of digging (16)
 T - a wand of lightning (10)
Scrolls
 d - 3 scrolls of teleportation
 f - 7 scrolls of remove curse
 k - 3 scrolls of fear
 u - 8 scrolls of identify
 v - 2 scrolls of recharging
 D - 2 scrolls of enchant armour
 G - a scroll of magic mapping
 P - 2 scrolls of enchant weapon
Potions
 a - 2 potions of might
 e - 6 potions of brilliance
 g - 3 potions of flight
 i - 3 potions of lignification
 n - a potion of ambrosia
 q - 2 potions of resistance
 t - 8 potions of curing
 E - a potion of berserk rage
 M - a potion of heal wounds
 R - a potion of cure mutation
Books
 b - a Necronomicon

   Spells                             Type                      Level
   a - Haunt                          Necromancy/Summoning         7
   b - Borgnjor's Revivification      Necromancy                   8
   c - Death's Door                   Charms/Necromancy            8
   d - Necromutation                  Transmutation/Necromancy     8
   Trog disapproves of the use of such an item.
 o - an Akashic Record

   Spells                             Type                      Level
   a - Dispersal                      Translocation                6
   b - Malign Gateway                 Summoning/Translocation      7
   c - Disjunction                    Translocation                8
   d - Controlled Blink               Translocation                8
   Trog disapproves of the use of such an item.
 C - a book of Enchantments

   Spells                             Type                      Level
   a - Cause Fear                     Hexes                        4
   b - Silence                        Hexes/Air                    5
   c - Deflect Missiles               Charms/Air                   6
   d - Haste                          Charms                       6
   e - Discord                        Hexes                        8
   Trog disapproves of the use of such an item.
 F - a book of Party Tricks

   Spells                             Type                      Level
   a - Summon Butterflies             Summoning                    1
   b - Apportation                    Translocation                1
   c - Tukima's Dance                 Hexes                        3
   d - Alistair's Intoxication        Transmutation/Poison         4
   e - Invisibility                   Hexes                        6
   Trog disapproves of the use of such an item.
Comestibles
 c - 8 bread rations
 r - 7 meat rations
 H - 11 royal jellies
 N - 14 fruits
 O - 3 slices of pizza


   Skills:
 + Level 13.1 Fighting
 * Level 23.0 Axes
 + Level 13.1 Armour
 - Level 1.5 Dodging


You had 13 spell levels left.
You didn't know any spells.

Dungeon Overview and Level Annotations

Branches:
Dungeon (15/15)            Temple (1/1) D:6            Lair (0/8) D:9
    Orc (0/4) D:9          Vaults (0/5) D:13         Depths (1/5) D:15

Altars:
Ashenzari
Cheibriados
Fedhas
Gozag
Kikubaaqudgha
Nemelex Xobeh
Okawaru
Ru
Sif Muna
Trog
Vehumet
Xom
Yredelemnul
Zin
The Shining One

Shops:
D:5 =   D:9 ?

Annotations:
Depths:1 exclusion: orange crystal statue


Message History

The fire dragon is moderately wounded.
The fire dragon breathes flames at you. The blast of flame hits you!
* * * LOW HITPOINT WARNING * * *
You slash the fire dragon!
The fire dragon is moderately wounded.
The fire dragon bites you but does no damage.
The fire dragon claws you but does no damage.
The fire dragon barely misses you.
Eat which item? (? for menu, Esc to quit)
The fire dragon bites you but does no damage.
The fire dragon claws you but does no damage.
The fire dragon completely misses you. The fire dragon bites you!
* * * LOW HITPOINT WARNING * * *
The fire dragon barely misses you.
The fire dragon tramples you but does no damage.
You continue eating.
The fire dragon breathes flames at you. The blast of flame hits you!
You die...

.##.#.######....
.##...##.#.....#D ###
.........#..#.. .###.......#
.........#..#.###..........#
.........#.#...............#.
...........#.......#.........
#####..##.#....#...#.........
..###..#..#..##D...##......?}
.......#...##...@††.#.....(88
.......#.......#[)<.).....)88
.......#.......#....#.....$88
#####'##.......#....#......$[
........#'###########........
........#....# #........
........#....# #.......[
....[...#....# #........
..$.....#....## #........


You could see a fire dragon.

Vanquished Creatures
  Gastronok (D:9)
  2 fire giants
  4 very ugly things (Depths:1)
  A hydra (D:10)
  An ice dragon (Depths:1)
  2 ogre magi
  2 centaur warriors
  A titan zombie (D:15)
  Urug (D:13)
  Sonja (D:15)
  The ghost of grerr the Chopper, a novice CeSk of Okawaru (D:10)
  3 skeletal warriors
  A wizard (D:15)
  2 unseen horrors
  2 hill giants
  Pikel (D:6)
  A wolf spider (D:15)
  A phantasmal warrior (D:15)
  A wolf spider zombie (D:15)
  2 orc knights (D:13)
  10 ugly things
  2 necromancers
  A salamander (shapeshifter) (D:13)
  A griffon (D:14)
  A stone giant zombie (Depths:1)
  A cyclops (D:13)
  Maurice (D:13)
  A fire giant skeleton (D:15)
  A manticore (D:14)
  The ghost of Mandevil the Fighter, a novice MfVM (D:4)
  A stone giant skeleton (Depths:1)
  6 centaur skeletons
  A spriggan skeleton (Depths:1)
  A queen bee (D:10)
  A tengu conjurer (Depths:1)
  A kobold demonologist (D:13)
  6 trolls
  2 freezing wraiths (D:15)
  Grinder (D:4)
  Prince Ribbit (D:7)
  8 two-headed ogres
  3 slime creatures (D:15)
  2 spriggan zombies
  A stone giant simulacrum (Depths:1)
  2 wyverns (D:10)
  A shadow (D:14)
  A trapdoor spider (D:13)
  An ice dragon skeleton (D:15)
  4 deep elf magi
  14 yaks
  4 hippogriffs
  2 wraiths (D:15)
  A water elemental (D:12)
  A hungry ghost (D:9)
  16 vampire mosquitoes
  Grum (D:8)
  4 mottled dragons
  2 steam dragons
  Edmund (D:6)
  4 porcupines (D:8)
  A water moccasin (D:10)
  2 wolves (D:8)
  3 sky beasts
  5 orc warriors
  A black bear (D:8)
  2 ice beasts
  8 centaurs
  3 eyes of draining
  2 boggarts (Depths:1)
  2 crocodiles
  A phantom (D:11)
  6 big kobolds
  11 ogres
  3 wyvern zombies
  9 giant frogs
  3 wyvern skeletons
  2 scorpions
  A wight (D:6)
  40 killer bees
  6 crimson imps
  An electric eel (D:12)
  9 centaur zombies
  4 jellies
  A quasit (D:10)
  8 orc priests
  4 iguanas
  18 orc wizards
  4 hounds
  6 worker ants
  Natasha (thrice) (D:4)
  3 giant frog skeletons
  2 sheep (D:10)
  A hound zombie (D:9)
  A hound skeleton (D:9)
  8 gnolls
  9 adders
  4 shadow imps
  An ooze (D:3)
  4 adder skeletons
  2 worms
  3 giant geckos
  51 orcs
  3 ball pythons
  11 bats
  3 giant cockroaches
  13 goblins
  12 hobgoblins
  14 kobolds
  A giant gecko skeleton (D:5)
  A giant newt (shapeshifter) (D:13)
  4 giant newts
  A jackal skeleton (D:8)
  8 quokkas
  A quokka zombie (D:5)
  11 rats
  2 plants (D:8)
488 creatures vanquished.

Vanquished Creatures (collateral kills)
  2 hydras
  An orc knight (D:13)
  A centaur skeleton (D:13)
  A two-headed ogre (D:15)
  A wolf spider simulacrum (D:15)
  2 orc warriors (D:13)
  2 orc priests (D:13)
  2 orc wizards (D:13)
12 creatures vanquished.

Vanquished Creatures (others)
  A slave (D:6)
  An orc warrior (D:6)
  A boggart (Depths:1)
  2 wights (D:6)
  A hound (D:6)
  A giant gecko (D:6)
  An orc (D:3)
  A plant (D:3)
9 creatures vanquished.

Grand Total: 509 creatures vanquished

Notes
Turn   | Place    | Note
--------------------------------------------------------------
     0 | D:1      | Avanven the Hill Orc Berserker began the quest for the Orb.
     0 | D:1      | Reached XP level 1. HP: 19/19 MP: 1/1
    54 | D:1      | Reached XP level 2. HP: 10/27 MP: 2/2
   618 | D:1      | Reached ** piety under Trog
   621 | D:1      | Reached skill level 5 in Axes
   621 | D:1      | Reached XP level 3. HP: 33/33 MP: 3/3
   960 | D:2      | Found an iron altar of Okawaru.
  1169 | D:2      | Found an ancient bone altar of Kikubaaqudgha.
  1170 | D:2      | Found a sacrificial altar of Ru.
  1496 | D:2      | Reached XP level 4. HP: 41/41 MP: 4/4
  1998 | D:3      | Found a radiant altar of Vehumet.
  2069 | D:3      | Reached skill level 6 in Axes
  2071 | D:3      | Reached skill level 5 in Fighting
  2071 | D:3      | Reached XP level 5. HP: 48/48 MP: 5/5
  2460 | D:3      | Reached *** piety under Trog
  2626 | D:3      | Reached skill level 7 in Axes
  2869 | D:4      | Found a shimmering altar of Xom.
  2872 | D:4      | Found a bloodstained altar of Trog.
  2894 | D:4      | Found a deep blue altar of Sif Muna.
  2918 | D:4      | Noticed Mandevil's ghost (novice MfVM)
  2946 | D:4      | Killed Mandevil's ghost
  2946 | D:4      | Reached skill level 8 in Axes
  2946 | D:4      | Reached XP level 6. HP: 39/57 MP: 6/6
  2946 | D:4      | Reached XP level 7. HP: 43/63 MP: 7/7
  3110 | D:4      | Noticed an ogre
  3113 | D:4      | Killed an ogre
  3113 | D:4      | Reached skill level 9 in Axes
  3304 | D:4      | Noticed an ogre
  3322 | D:4      | Killed an ogre
  3557 | D:4      | Noticed Natasha
  3568 | D:4      | Killed Natasha
  3568 | D:4      | Reached skill level 10 in Axes
  3696 | D:4      | Noticed Natasha
  3702 | D:4      | Killed Natasha
  3715 | D:4      | Noticed Natasha
  3720 | D:4      | Killed Natasha
  3870 | D:4      | Reached XP level 8. HP: 73/73 MP: 8/8
  3958 | D:4      | Noticed Grinder
  3972 | D:4      | Killed Grinder
  4071 | D:5      | Entered Level 5 of the Dungeon
  4071 | D:5      | Found a snail-covered altar of Cheibriados.
  4153 | D:5      | Reached skill level 11 in Axes
  4388 | D:5      | Found Foigin's Jewellery Emporium.
  4391 | D:5      | Found an opulent altar of Gozag.
  4589 | D:5      | Reached **** piety under Trog
  4712 | D:6      | Noticed Edmund
  4713 | D:6      | Found a staircase to the Ecumenical Temple.
  4720 | D:6      | Killed Edmund
  4757 | Temple   | Entered the Ecumenical Temple
  5053 | D:6      | Reached skill level 12 in Axes
  5088 | D:6      | Reached XP level 9. HP: 72/82 MP: 9/9
  5273 | D:6      | Noticed Pikel
  5283 | D:6      | Killed Pikel
  5287 | D:6      | Reached skill level 13 in Axes
  6525 | D:7      | Noticed Prince Ribbit
  6533 | D:7      | Killed Prince Ribbit
  6972 | D:8      | Reached skill level 14 in Axes
  7084 | D:8      | Noticed Grum
  7089 | D:8      | Reached XP level 10. HP: 91/91 MP: 10/10
  7097 | D:8      | Killed Grum
  7147 | D:8      | Reached skill level 5 in Armour
  7159 | D:8      | Reached ***** piety under Trog
  7162 | D:8      | Reached skill level 15 in Axes
  7656 | D:9      | Found a staircase to the Lair.
  7770 | D:9      | Got a smoking scale mail
  7773 | D:9      | Identified the +8 scale mail of Curiosity {Slay+2} (You found it on level 9 of the Dungeon)
  7869 | D:9      | Noticed Gastronok
  7882 | D:9      | Killed Gastronok
  7882 | D:9      | Reached skill level 16 in Axes
  7882 | D:9      | Reached XP level 11. HP: 88/97 MP: 11/11
  8105 | D:9      | Found a staircase to the Orcish Mines.
  8187 | D:9      | Reached skill level 17 in Axes
  8188 | D:9      | Found Fodo's Magic Scroll Shop.
  8445 | D:10     | Entered Level 10 of the Dungeon
  8753 | D:10     | Noticed a three-headed hydra
  8766 | D:10     | Killed a 14-headed hydra
  8998 | D:10     | Noticed grerr's ghost (novice CeSk)
  9002 | D:10     | Killed grerr's ghost
  9049 | D:10     | Reached skill level 18 in Axes
  9350 | D:10     | Received a gift from Trog
  9765 | D:11     | Reached XP level 12. HP: 78/104 MP: 12/12
  9917 | D:11     | Noticed a hill giant
  9930 | D:11     | Killed a hill giant
  9936 | D:11     | Found a glowing silver altar of Zin.
 10392 | D:11     | Reached skill level 19 in Axes
 10712 | D:12     | Reached skill level 10 in Armour
 11445 | D:12     | Found a glowing golden altar of the Shining One.
 11598 | D:13     | Received a gift from Trog
 11754 | D:13     | Reached skill level 20 in Axes
 12107 | D:13     | Noticed an eight-headed hydra
 12110 | D:13     | Killed an eight-headed hydra
 12202 | D:13     | Reached skill level 10 in Fighting
 12240 | D:13     | Noticed Maurice
 12249 | D:13     | Killed Maurice
 12632 | D:13     | Noticed Urug
 12643 | D:13     | Killed Urug
 12643 | D:13     | Reached XP level 13. HP: 83/114 MP: 13/13
 12868 | D:13     | Noticed an ogre mage
 12894 | D:13     | Killed an ogre mage
 13527 | D:13     | Found a gate to the Vaults.
 13582 | D:13     | Reached skill level 21 in Axes
 14336 | D:14     | Found a basalt altar of Yredelemnul.
 14621 | D:14     | Found a basalt altar of Yredelemnul.
 14897 | D:14     | Received a gift from Trog
 15437 | D:15     | Entered Level 15 of the Dungeon
 15437 | D:15     | Found a staircase to the Depths.
 15601 | D:15     | Paralysed by a wizard for 7 turns
 15722 | D:15     | Reached XP level 14. HP: 80/126 MP: 14/14
 15739 | D:15     | Reached skill level 22 in Axes
 15894 | D:15     | Noticed Sonja
 15895 | D:15     | Noticed a fire giant
 15906 | D:15     | Killed a fire giant
 16314 | D:15     | Killed Sonja
 16624 | D:15     | HP: 5/190 [wolf spider simulacrum (26)]
 17091 | D:15     | Received a gift from Trog
 17552 | Depths:1 | Entered Level 1 of the Depths
 17554 | Depths:1 | Noticed a fire giant
 17564 | Depths:1 | Killed a fire giant
 18396 | Depths:1 | Noticed a purple very ugly thing
 18396 | Depths:1 | Noticed a purple very ugly thing
 18396 | Depths:1 | Noticed a purple very ugly thing
 18398 | Depths:1 | Noticed a purple very ugly thing
 18418 | Depths:1 | Killed a red very ugly thing
 18420 | Depths:1 | Killed a purple very ugly thing
 18785 | Depths:1 | Killed a brown very ugly thing
 18788 | Depths:1 | Reached skill level 23 in Axes
 18790 | Depths:1 | Killed a purple very ugly thing
 18806 | Depths:1 | Killed from afar by a fire dragon

Action                   |  1- 3 |  4- 6 |  7- 9 | 10-12 | 13-15 || total
-------------------------+-------+-------+-------+-------+-------++-------
Melee: Hand axe          |   127 |   133 |   218 |       |       ||   478
       War axe           |       |       |   113 |   125 |       ||   238
       Battleaxe         |       |       |       |   203 |   117 ||   320
       Broad axe         |       |       |       |   303 |   373 ||   676
Invok: Berserk           |     3 |     4 |     8 |    10 |    11 ||    36
       Trog's Hand       |       |       |     2 |     1 |     2 ||     5
       Brothers in Arms  |       |       |       |     1 |     6 ||     7
Evoke: Wand              |       |       |       |     1 |     2 ||     3
  Use: Scroll            |     7 |     8 |       |    13 |       ||    28
       Potion            |       |       |    11 |       |     8 ||    19
 Stab: Distracted        |       |       |       |       |     1 ||     1
  Eat: Chunk             |     4 |     8 |    14 |    23 |     7 ||    56
       Beef jerky        |       |     1 |       |     2 |     2 ||     5
       Pizza             |       |       |     1 |     2 |     3 ||     6
       Meat ration       |       |       |     1 |       |     3 ||     4
       Fruit             |       |       |     1 |     2 |     1 ||     4
       Bread ration      |       |       |       |       |     2 ||     2
